Map: King's Cove LE

Players

HeroMarine

  • Race: Terran Terran
  • League: Master
  • Spawn Location: 5:00

TYTY (TY) - Winner!

  • Race: Terran Terran
  • League: Diamond
  • Spawn Location: 11:00

Event: HomeStory Cup XIX

VOD

Have the link to the VOD?

Description

Time

  • Played on: June 29, 2019, 9:35 a.m.
  • Length: 7:23

All games in this series

Show
View Real Time Build Order
Export as new Build Order

HeroMarine Terran 

Build Orders:  

Get SALT Encoding   

  12  0:00  SCV  
  13  0:12  SCV  
  14  0:18  Supply Depot  
  14  0:24  SCV  
  15  0:29  Refinery  
  15  0:39  SCV  
  16  0:45  Barracks  
  16  0:51  SCV  
  17  0:57  Refinery  
  17  1:03  SCV  
  18  1:16  SCV  
  19  1:32  Orbital Command  
  19  1:33  Factory  
  19  1:36  Reaper  
  20  1:46  Supply Depot  
  20  1:58  SCV  
  21  2:09  Reaper  
  21  2:10  SCV  
  23  2:17  Hellion  
  23  2:22  SCV  
  26  2:31  Command Center  
  26  2:34  SCV  
  27  2:40  Supply Depot  
  27  2:41  Reaper  
  28  2:47  Hellion  
  28  2:49  SCV  
  31  2:57  Starport  
  31  3:02  SCV  
  32  3:12  Factory Tech Lab  
  32  3:13  Barracks Tech Lab  
  32  3:14  SCV  
  33  3:21  Refinery  
  33  3:26  SCV  
  34  3:30  Cyclone  
  37  3:38  SCV  
  36  3:50  SCV  
  36  3:51  Raven  
  36  3:54  Orbital Command  
  34  4:00  Barracks Reactor  
  34  4:02  SCV  
  35  4:03  Cyclone  
  38  4:14  SCV  
  39  4:18  Command Center  
  39  4:21  SCV  
  40  4:26  SCV  
  41  4:33  SCV, Supply Depot  
  41  4:34  Raven  
  44  4:38  SCV  
  44  4:40  Siege Tank  
  44  4:45  Marine, Refinery  
  49  4:46  Marine  
  49  4:48  SCV  
  49  4:50  SCV  
  52  5:00  SCV  
  52  5:03  SCV  
  56  5:12  Siege Tank, SCV  
  60  5:15  SCV  
  60  5:19  Raven, Supply Depot  
  61  5:25  SCV  
  62  5:28  Barracks  
  62  5:29  Barracks, SCV  
  62  5:30  Marine x2  
  62  5:34  Orbital Command  
  65  5:37  SCV  
  65  5:41  SCV  
  67  5:45  Siege Tank  
  67  5:47  Marine  
  67  5:48  Marine  
  67  5:49  SCV  
  73  5:54  SCV  
  74  6:02  SCV  
  74  6:05  SCV  
  74  6:06  SCV  
  74  6:14  SCV  
  74  6:18  Siege Tank, SCV x2  
  77  6:26  SCV  
  77  6:30  SCV  
  77  6:32  SCV  
  74  6:35  Viking x2  
  74  6:37  Barracks Reactor x2  
  74  6:38  Marine, SCV  
  66  6:42  SCV  
  66  6:55  Marine  
  66  7:03  SCV x2  
Show
View Real Time Build Order
Export as new Build Order

TYTY Terran - Winner!

Build Orders:  

Get SALT Encoding   

  12  0:01  SCV  
  13  0:13  SCV  
  14  0:20  Supply Depot  
  14  0:25  SCV  
  15  0:29  Refinery  
  15  0:42  SCV  
  16  0:45  Barracks  
  16  0:54  SCV  
  17  1:06  SCV  
  18  1:18  SCV  
  19  1:32  Orbital Command, Reaper  
  20  1:47  Command Center  
  20  1:58  Factory  
  20  2:01  SCV  
  20  2:06  Barracks Reactor  
  21  2:13  SCV  
  22  2:17  Supply Depot  
  22  2:21  Refinery  
  22  2:25  SCV  
  23  2:39  SCV  
  23  2:42  Marine  
  23  2:43  Marine, Hellion  
  28  2:45  Starport  
  28  2:51  SCV  
  29  2:59  Orbital Command  
  29  3:01  Marine  
  29  3:02  Marine  
  29  3:05  Factory Tech Lab  
  31  3:08  SCV  
  32  3:19  Marine x2  
  33  3:20  SCV  
  33  3:27  SCV  
  36  3:29  Raven  
  36  3:32  SCV  
  39  3:34  Refinery  
  39  3:39  SCV  
  38  3:41  Marine  
  38  3:45  SCV  
  40  3:51  Factory Tech Lab, SCV  
  40  3:52  Marine  
  39  3:57  SCV  
  39  3:58  Supply Depot  
  39  3:59  Marine  
  41  4:03  SCV  
  41  4:04  Liberator  
  45  4:10  Siege Tank  
  45  4:12  SCV  
  45  4:15  Supply Depot  
  46  4:23  Marine  
  50  4:25  Viking  
  50  4:26  SCV  
  50  4:28  SCV, Supply Depot  
  54  4:32  Refinery  
  54  4:38  SCV  
  55  4:41  Marine  
  55  4:42  Siege Tank  
  55  4:43  SCV  
  60  4:50  SCV  
  61  4:55  Viking  
  61  4:56  SCV  
  61  4:59  Marine  
  65  5:02  SCV  
  65  5:04  Viking, Supply Depot  
  68  5:08  SCV  
  69  5:14  SCV  
  69  5:17  Marine  
  70  5:25  Siege Tank, Viking, SCV  
  70  5:26  Supply Depot  
  70  5:28  Supply Depot  
  76  5:29  SCV  
  78  5:47  Viking  
  78  5:48  Command Center  
  79  5:50  SCV  
  79  5:51  Marine  
  79  5:53  SCV  
  79  5:58  Siege Tank  
  79  6:02  SCV  
  79  6:03  Viking  
  84  6:15  SCV  
  84  6:17  Viking, Marine  
  87  6:19  SCV  
  86  6:30  SCV  
  86  6:31  Siege Tank, SCV  
  87  6:39  Viking  
  84  6:40  Marine  
  84  6:42  SCV  
  84  6:43  SCV  
  85  6:47  Viking  
  85  6:50  Barracks  
  85  6:52  Barracks  
  87  6:54  SCV  
  87  6:55  SCV  
  87  6:58  Marine  
  90  7:06  Bunker, SCV  
  92  7:10  SCV  
Tags
 
Add a new tag
Caveats
  • Supply blocks, unpowered buildings, or Contaminate may cause inaccurate times.
  • Supply counts are checked every 10 seconds.